 Dungeon Crawl Stone Soup version 0.22-a0-197-g4ac3794 (webtiles) character file.

712 sunny1234 the Gusty (level 7, -1/36 HPs)
             Began as a Tengu Air Elementalist on Feb 18, 2018.
             Killed from afar by an orc wizard (9 damage)
             ... with a magic dart
             ... on level 5 of the Dungeon.
             The game lasted 00:13:01 (3622 turns).

sunny1234 the Gusty (Tengu Air Elementalist)        Turns: 3622, Time: 00:13:01

Health: -1/36      AC:  2    Str:  8    XL:     7   Next: 68%
Magic:  19/23      EV: 15    Int: 16    God:
Gold:   225        SH:  0    Dex: 20    Spells: 1/14 levels left

rFire    . . .     SeeInvis .   h - +2 whip (drain)
rCold    . . .     Gourm    .   (no shield)
rNeg     . . .     Faith    .   a - +0 robe
rPois    .         Spirit   .   (helmet restricted)
rElec    .         Reflect  .   (no cloak)
rCorr    .         Harm     .   (no gloves)
MR       .....                  (boots unavailable)
Stlth    ++........             (no amulet)
HPRegen  0.12/turn              g - ring of magical power
MPRegen  0.18/turn              y - +4 ring of dexterity

@: marked, very slightly contaminated
A: beak, talons 3, able to fly 1
a: Fly


You were on level 5 of the Dungeon.
You were not hungry.

You visited 1 branch of the dungeon, and saw 5 of its levels.

You collected 225 gold pieces.

Inventory:

Hand Weapons
 d - a +0 club
 h - a +2 whip of draining (weapon)
Armour
 a - a +0 robe (worn)
Jewellery
 g - a ring of magical power (left hand)
 i - an uncursed amulet of the acrobat {unknown}
 j - an uncursed ring of see invisible
 y - a +4 ring of dexterity (right hand)
 z - an uncursed ring of protection from cold {unknown}
Wands
 v - a wand of paralysis (16)
Scrolls
 e - 5 scrolls of magic mapping
 k - a scroll of fog
 l - 3 scrolls of remove curse
 m - 2 scrolls of random uselessness {unknown}
 n - 4 scrolls of teleportation {unknown}
 p - 2 scrolls of enchant weapon {unknown}
 s - a scroll of enchant armour {unknown}
 B - a scroll of fear {unknown}
Potions
 f - a potion of agility {unknown}
 o - 2 potions of curing
 q - a potion of mutation {unknown}
 r - a potion of invisibility {unknown}
 t - a potion of lignification {unknown}
 w - a potion of heal wounds {unknown}
 x - a potion of experience {unknown}
Books
 b - a book of Air

   Spells                             Type                      Level
   a - Shock                          Conjuration/Air              1
   b - Swiftness                      Charms/Air                   2
   c - Static Discharge               Conjuration/Air              3
   d - Airstrike                      Air                          4
   e - Lightning Bolt                 Conjuration/Air              5
 u - a book of Minor Magic

   Spells                             Type                      Level
   a - Magic Dart                     Conjuration                  1
   b - Blink                          Translocation                2
   c - Call Imp                       Summoning                    2
   d - Slow                           Hexes                        2
   e - Conjure Flame                  Conjuration/Fire             3
   f - Mephitic Cloud                 Conjuration/Poison/Air       3
Comestibles
 c - 3 rations
 A - 9 chunks of flesh


   Skills:
 + Level 4.9 Dodging
 - Level 2.0 Stealth
 + Level 4.1 Spellcasting
 + Level 5.4 Conjurations
 + Level 6.7 Air Magic


You had one spell level left.
You knew the following spells:

 Your Spells              Type           Power        Failure   Level  Hunger
a - Shock                 Conj/Air       ###.         1%          1    None
b - Swiftness             Chrm/Air       ##......     6%          2    ##.....
c - Mephitic Cloud        Conj/Pois/Air  ###.....     10%         3    ###....
d - Blink                 Tloc           N/A          26%         2    ##.....
e - Lightning Bolt        Conj/Air       ###.......   36%         5    ######.


Dungeon Overview and Level Annotations

Branches:
Dungeon (6/15)
 Temple: D:4-7

Altars:
Dithmenos
Vehumet

Annotations:
D:3 1 runed door
D:5 exclusion: statue


Innate Abilities, Weirdness & Mutations

You have a beak for a mouth.
You have claws for feet.
You can fly.


Message History

You're too confused!
Unknown command.
You bump into the crystal wall.
The orc wizard mumbles some strange words.
The orc wizard flickers and vanishes!
Deactivating autopickup; reactivate with Ctrl-A.
The orc priest invokes the aid of Beogh against you.
You bump into the crystal wall.
You bump into the rock wall.
You feel less confused.
Marking area around the charred statue as unsafe for travelling.
You found an alarm trap!
Found a radiant altar of Vehumet.
Really walk onto that alarm trap?
The alarm trap emits a blaring wail!
A sentinel's mark forms upon you.
You hear a shout!
A magic dart appears from out of thin air!
The magic dart hits you!
You die...

#§≈.# ..#..# #.>..
#§#o#.8.#..#..#
#..#+ ...#.#...# .#
. ... #.###.#._.#
.# ... #.#...# ###
#o#...# #.#...# #
######o##.##.#####
...........@.......
###########....####
######


You could see a charred statue and an orc priest.

Vanquished Creatures
  A phantom (D:6)
  An ogre (D:5)
  A bullfrog (D:6)
  A water moccasin skeleton (D:5)
  4 crimson imps (D:6)
  A hound (D:6)
  Natasha (D:3)
  Ijyb (D:3)
  2 orc wizards (D:3)
  A worker ant (D:6)
  A hound skeleton (D:6)
  Robin (D:2)
  2 adders
  4 worms
  3 dart slugs
  2 leopard geckos
  10 orcs
  9 bats
  4 giant cockroaches
  13 goblins
  5 hobgoblins
  2 jackals (D:1)
  4 kobolds
  A quokka (D:2)
  A frilled lizard (D:3)
  A quokka skeleton (D:6)
  6 rats
83 creatures vanquished.

Vanquished Creatures (others)
  4 toadstools (D:1)
4 creatures vanquished.

Grand Total: 87 creatures vanquished

Notes
Turn   | Place    | Note
-------+----------+-------------------------------------------
     0 | D:1      | sunny1234 the Tengu Air Elementalist began the quest for the Orb.
     0 | D:1      | Reached XP level 1. HP: 10/10 MP: 4/4
    87 | D:1      | Reached XP level 2. HP: 14/15 MP: 4/6
   301 | D:1      | Reached XP level 3. HP: 17/19 MP: 7/7
   597 | D:1      | Learned a level 2 spell: Swiftness
   850 | D:2      | Noticed Robin
   874 | D:2      | Killed Robin
   874 | D:2      | Reached XP level 4. HP: 13/24 MP: 8/8
  1258 | D:3      | Reached skill level 5 in Air Magic
  1258 | D:3      | Gained mutation: You can fly. [Tengu growth]
  1258 | D:3      | Reached XP level 5. HP: 28/28 MP: 9/10
  1314 | D:3      | Learned a level 3 spell: Mephitic Cloud
  1410 | D:3      | Noticed Ijyb
  1426 | D:3      | Killed Ijyb
  1582 | D:3      | Found a runed door.
  1671 | D:3      | Noticed Natasha
  1681 | D:3      | Killed Natasha
  1888 | D:3      | You fall through a shaft for 3 floors!
  1903 | D:6      | Reached XP level 6. HP: 18/32 MP: 10/11
  2496 | D:6      | Reached skill level 6 in Air Magic
  2541 | D:6      | Reached XP level 7. HP: 28/36 MP: 13/13
  2946 | D:6      | Found a shadowy altar of Dithmenos.
  2959 | D:6      | Reached skill level 5 in Conjurations
  3180 | D:5      | Entered Level 5 of the Dungeon
  3457 | D:5      | Learned a level 2 spell: Blink
  3463 | D:5      | Learned a level 5 spell: Lightning Bolt
  3620 | D:5      | Found a radiant altar of Vehumet.
  3622 | D:5      | Killed from afar by an orc wizard

Vault maps used:
D:1:      ldierk_walled_garden_2
D:2:      uniq_robin
D:3:      uniq_crazy_yiuf_cottage, uniq_natasha, uniq_ijyb
D:5:      vehumet_statue, first_ration
D:6:      grunt_dithmenos_shadows

Skill      XL: |  1  2  3  4  5  6  7 |
---------------+----------------------+-----
Conjurations   | 2 3 4 5 |  5.4
Dodging        | 3 4 |  4.9
Air Magic      | 5 6 |  6.7
Spellcasting   | 3 4 |  4.1
Stealth        | |  2.0

Action                   |  1- 3 |  4- 6 |  7- 9 || total
-------------------------+-------+-------+-------++-------
Melee: Unarmed           |     4 |       |       ||     4
       Club              |     2 |       |       ||     2
       Kick              |     6 |     5 |    11 ||    22
       Peck              |     3 |     4 |     6 ||    13
       Whip              |    36 |    23 |    27 ||    86
 Cast: Shock             |    35 |   125 |    21 ||   181
       Blink             |       |       |     1 ||     1
  Use: Scroll            |       |     5 |     1 ||     6
 Stab: Sleeping          |     1 |       |       ||     1
       Distracted        |       |       |     1 ||     1
  Eat: Chunk             |       |     6 |       ||     6
       Ration            |       |       |     1 ||     1
Armor: Robe              |     8 |     6 |     1 ||    15
Dodge: Dodged            |    50 |    55 |    27 ||   132

Table legend:
 A = Spawn XP
 B = Non-spawn XP
 C = Spawn XP percentage of total XP
 D = Spawn monster count
 E = Non-spawn monster count
 F = Spawn count percentage of total count
 G = Total turns spent on level
                    A         B        C        D         E        F      G
               +---------+---------+-------+---------+---------+-------+---------
         Total |       0 |    1018 |   0.0 |       0 |      83 |   0.0 |  3622
               +---------+---------+-------+---------+---------+-------+---------
           D:1 |       0 |      42 |   0.0 |       0 |      22 |   0.0 |   611
           D:2 |       0 |      61 |   0.0 |       0 |      20 |   0.0 |   622
           D:3 |       0 |     190 |   0.0 |       0 |      23 |   0.0 |   655
           D:5 |       0 |     208 |   0.0 |       0 |       6 |   0.0 |   442
           D:6 |       0 |     517 |   0.0 |       0 |      12 |   0.0 |  1292
               +---------+---------+-------+---------+---------+-------+---------
